 Dungeon Crawl Stone Soup version 0.18.1-50-g88ac8fd (webtiles) character file.

666040 theElss the Conqueror (level 27, -8/298 HPs)
             Began as a Gargoyle Berserker on Oct 11, 2016.
             Was the Champion of Trog.
             Killed from afar by an orb of fire (22 damage)
             ... with a fireball
             ... on level 5 of the Realm of Zot.
             The game lasted 05:19:18 (82438 turns).

theElss the Conqueror (Gargoyle Berserker)         Turns: 82438, Time: 05:19:18

Health: -8/298     AC: 59    Str: 46    XL:     27
Magic:  20/20      EV: 14    Int:  9    God:    Trog [******]
Gold:   4860       SH: 30    Dex: 11    Spells: 0 memorised, 26 levels left

rFire  + . .     SeeInvis +     v - +13 demon whip of Harmony {elec, rPois rC+ Stlth+}
rCold  + + +     Gourm    .     a - +1 gold dragon armour
rNeg   + . .     Faith    +     y - +2 large shield
rPois  ∞         Spirit   .     T - +0 helmet of Pakellas's Regard {+Fly rC+ MP-9 Str+3 Dex-2 Stlth+}
rElec  +         Dismiss  .     s - +2 cloak {MR+}
rCorr  .         Reflect  .     J - +4 pair of gloves of the Present {Dex+4 Stlth+}
SustAt .         Harm     .     Z - +1 pair of boots
MR     +++..                    p - amulet of faith
Stlth  ..........               H - ring "Ypeydwona" {Int+2 SInv}
                                X - +5 ring of strength

@: berserking, flying, very quick, extremely resistant to hostile enchantments,
extremely unstealthy
A: big wings, low mp 2, negative energy resistance 1, electricity resistance,
weak 1, unbreathing, petrification resistance, rot immunity, MP-powered wands,
AC +20
a: Stop Flying, Berserk, Trog's Hand, Brothers in Arms, Burn Spellbooks,
Renounce Religion
}: 3/15 runes: serpentine, barnacled, silver


You were on level 5 of the Realm of Zot.
You worshipped Trog.
Trog was exalted by your worship.
You were not hungry.

You visited 10 branches of the dungeon, and saw 52 of its levels.
You visited the Abyss 4 times.
You also visited: Ice Cave, Volcano and Wizlab.

You collected 8680 gold pieces.
You spent 3820 gold pieces at shops.

Inventory:

Hand Weapons
 v - the +13 demon whip of Harmony (weapon) {elec, rPois rC+ Stlth+}
   (Trog gifted it to you on level 8 of the Lair of Beasts)

   Occasionally, upon striking a foe, it will discharge some electrical energy
   and cause terrible harm.
   It protects you from cold.
   It protects you from poison.
   It makes you more stealthy.
Armour
 a - a +1 gold dragon armour (worn)
 s - a +2 cloak of magic resistance (worn)
 y - a +2 large shield (worn)
 J - the +4 pair of gloves of the Present (worn) {Dex+4 Stlth+}
   (You bought it in a shop on level 8 of the Dungeon)

   It affects your dexterity (+4).
   It makes you more stealthy.
 T - the +0 helmet of Pakellas's Regard (worn) {+Fly rC+ MP-9 Str+3 Dex-2 Stlth+}
   (You found it on level 13 of the Dungeon)

   It affects your strength (+3).
   It affects your dexterity (-2).
   It protects you from cold.
   It affects your magic capacity (-9).
   It lets you fly.
   It makes you more stealthy.
 Z - a +1 pair of boots (worn)
Jewellery
 k - an uncursed ring of resist corrosion
 p - an amulet of faith (around neck)
 A - an uncursed ring of protection from magic
 H - the ring "Ypeydwona" (right hand) {Int+2 SInv}
   (You took it off a deep elf death mage on level 3 of the Elven Halls)

   [ring of see invisible]

   It affects your intelligence (+2).
   It lets you see invisible.
 I - an uncursed ring of sustain attributes
 M - a +4 amulet of reflection
 X - a +5 ring of strength (left hand)
Wands
 c - a wand of flame (19/48)
 g - a wand of digging (11/24)
 x - a wand of hasting (2/9)
 K - a wand of iceblast (2/15)
 U - a wand of confusion (15/48)
 W - a wand of slowing (25/48)
 Y - a wand of teleportation (4/9)
Scrolls
 b - 7 scrolls of identify
 d - 25 scrolls of remove curse
 e - 10 scrolls of fear
 j - a scroll of summoning
 n - 2 scrolls of holy word
 t - 16 scrolls of teleportation
 u - 4 scrolls of magic mapping
 F - 6 scrolls of blinking
 N - 9 scrolls of fog
Potions
 i - 20 potions of curing
 r - 9 potions of heal wounds
 w - 5 potions of resistance
 B - 2 potions of invisibility
 E - a potion of cancellation
 G - 4 potions of brilliance
 P - 2 potions of haste
Miscellaneous
 h - a lamp of fire
 l - a phial of floods
 q - a fan of gales
 Q - a fan of gales
Comestibles
 f - 28 meat rations
 m - 5 chunks of flesh
 o - 2 fruits
 D - 3 bread rations


   Skills:
 O Level 27 Fighting
 - Level 20.0 Maces & Flails
 + Level 20.5 Armour
 - Level 15.3 Dodging
 - Level 0.8 Stealth
 + Level 22.1 Shields
 - Level 19.0 Evocations


You had 26 spell levels left.
You didn't know any spells.

Dungeon Overview and Level Annotations

Branches:
Dungeon (15/15)            Temple (1/1) D:5            Lair (8/8) D:9
 Shoals (4/4) Lair:6        Snake (4/4) Lair:6        Slime (0/6) Lair:7
    Orc (2/2) D:9             Elf (3/3) Orc:2        Vaults (5/5) D:14
  Crypt (0/3) Vaults:2     Depths (5/5) D:15            Zot (5/5) Depths:5

Altars:
Ashenzari
Cheibriados
Dithmenos
Elyvilon
Fedhas
Gozag
Kikubaaqudgha
Makhleb
Nemelex Xobeh
Okawaru
Pakellas
Qazlal
Ru
Sif Muna
Trog
Vehumet
Xom
Yredelemnul
Zin
The Shining One
Beogh
Jiyva

Shops:
D:4 %   D:7 =   D:8 %[%[   D:15 [   Orc:2 [=(*}   Elf:2 %   Shoals:3 *
Snake:4 *   Vaults:4 =

Portals:
Hell: Depths:1 Depths:2 Depths:3 Depths:4 Depths:5
Abyss: Depths:1 Depths:4
Pandemonium: Depths:1 Depths:3
Ziggurat: Depths:4
Trove: Depths:2 (lose all piety)


Innate Abilities, Weirdness & Mutations

You are resistant to torment.
Your stone body is resilient (AC +20).
You are immune to poison.
Your large and strong wings let you fly indefinitely.
You resist negative energy.
You are resistant to electric shocks.
You can survive without breathing.
You are immune to petrification.
You are immune to rotting.
Your magical capacity is very low (-20% MP).
You are weak. (Str -2)
You expend magic power (3 MP) to strengthen your wands.


Message History

You hear a shout!
You whack the orb of fire!
The orb of fire is severely damaged.
The orb of fire emits a lurid red light.
The bolt of fire hits you! You resist.
* * * LOW HITPOINT WARNING * * *
The bolt of fire misses the orb of fire.
Unknown command.
You closely miss the orb of fire.
The orb of fire is severely damaged.
The orb of fire glows deep purple.
The bolt of fire hits you! You resist.
* * * LOW HITPOINT WARNING * * *
The bolt of fire hits the orb of fire.
The orb of fire completely resists.
Unknown command.
You hit the orb of fire but do no damage.
The orb of fire is severely damaged.
The orb of fire emits a lurid red light.
The fireball explodes!
The fireball engulfs you! You resist.
You die...

,,,,,,,,..........# ##..........
,,,,,,,,......?...# #..........
,,,,,,,,..........# ##..........
,,,,,,,,..........# #...(.......
,,,,,,,,......^...# ##...........
,,,,,,,,......(...###............
,,,,,,,,.........###...##########
,,,,,,,,^.......##....##
*,,,,,,,....p..*@.*[###
**,,,,,*##▓#▓▓▓▓▓▓▓▓#
*,,,,,,,,,,,,,,,****
,,,,,,,,,,,,,,,,,,,***
,,,,,,,,,,,,,,,,,,,,,**
,,,,,,,,,,,,,,,,,,,,,,* *********
,,,,,,,,,,,,,,,,,,,,,,***,,,,,,,*
,,,,,,,,,,,,,,,,,,,,,,**,,,,,,,,,
,,,,,,,,,,,,,,,,,,,,,,*,,,,,,,,,,


You could see 2 orbs of fire and a Killer Klown.

Vanquished Creatures
  4 orbs of fire
  Mara (Shoals:3)
  Mennas (Depths:3)
  2 juggernauts
  2 ancient liches
  Boris (Depths:3)
  Saint Roka (Depths:4)
  A curse toe (Zot:5)
  Frederick (Vaults:5)
  A Killer Klown (Zot:4)
  11 golden dragons
  Xtahua (Depths:3)
  A profane servitor (Abyss:3)
  3 bone dragons
  Jorgrun (Vaults:2)
  6 electric golems
  19 tentacled monstrosities
  Rupert (Orc:1)
  7 Orb Guardians (Zot:5)
  3 liches
  An Ice Fiend (IceCv)
  2 quicksilver dragons
  2 deep elf master archers (Elf:3)
  6 titans
  Asterion (Snake:1)
  2 deep elf blademasters (Elf:3)
  Polyphemus (Shoals:3)
  Frances (D:12)
  6 tentacled starspawn
  The ghost of nikopol the Impaler, an adept MiBe of Trog (IceCv)
  4 krakens
  An eldritch tentacle (WizLab)
  Agnes (Elf:1)
  6 sphinxes
  Gastronok (Lair:3)
  6 tengu reavers
  A daeva (Abyss:2)
  7 death cobs
  17 storm dragons
  6 shadow dragons
  8 fire giants
  Ilsuiw (Shoals:4)
  Kirke (D:14)
  2 revenants
  4 draconian monks
  19 greater nagas
  7 deep elf sorcerers
  14 frost giants
  The ghost of varam the Imperceptible, an adept SpEn of Ashenzari (Shoals:1)
  Louise (Elf:3)
  19 vault wardens
  2 draconian knights
  6 draconian zealots
  10 draconian shifters
  The ghost of jombi the Spry, an adept SpEn of Okawaru (Shoals:1)
  A balrug (Abyss:3)
  5 draconian scorchers
  An orc warlord (Orc:2)
  An angel (Abyss:3)
  A curse skull (Depths:3)
  Aizul (Shoals:2)
  A ghoul (Vaults:3)
  A ghost moth (Zot:5)
  2 draconian annihilators
  2 war gargoyles
  20 ironheart preservers
  22 stone giants
  3 reapers
  17 very ugly things
  5 draconian callers
  6 green draconians
  4 deep elf demonologists
  8 black draconians
  A lorocyproca (Abyss:2)
  2 salamander stormcallers
  10 red draconians
  4 vampire knights
  11 white draconians
  8 mottled draconians
  10 purple draconians
  A dire elephant (Lair:8)
  5 yellow draconians
  7 deep elf annihilators
  A spark wasp (shapeshifter) (Vaults:4)
  A spark wasp (Depths:4)
  An eidolon (WizLab)
  A crystal guardian (Vaults:3)
  A green death (Abyss:3)
  13 merfolk impalers
  A merfolk javelineer (Shoals:3)
  11 deep elf death magi
  33 vault guards
  4 deep elf high priests
  11 ettins
  Josephine (D:13)
  6 entropy weavers
  12 yaktaur captains
  2 jiangshi (Depths:4)
  2 hell beasts
  4 great orbs of eyes
  17 fire dragons
  6 rakshasas
  15 ice dragons
  A quicksilver dragon skeleton (Abyss:3)
  11 naga warriors
  9 hydras
  The ghost of feelmyfire the Severer, a journeyman MiFi of Okawaru (IceCv)
  6 anacondas
  2 catoblepae
  8 centaur warriors
  5 merfolk aquamancers
  A hydra (shapeshifter) (Depths:5)
  3 alligator snapping turtles
  3 merfolk avatars
  A spriggan air mage (Depths:2)
  18 ogre magi
  28 dancing weapons
  4 satyrs
  7 hell hogs
  18 death yaks
  4 tengu warriors
  4 death knights
  12 thrashing horrors
  6 deep troll earth magi
  11 naga sharpshooters
  11 deep troll shamans
  4 spriggan berserkers
  Sonja (D:14)
  2 orc high priests
  3 shock serpents
  5 vampire magi
  3 sun demons
  11 hell knights
  27 deep elf knights
  A shadow wraith (Vaults:5)
  2 spatial maelstroms (Abyss:3)
  3 wretched stars
  4 salamander mystics
  7 soul eaters
  3 skeletal warriors
  7 iron trolls
  2 storm dragon skeletons
  An unseen horror (shapeshifter) (Abyss:3)
  A death drake (Abyss:2)
  2 unseen horrors
  2 gelid demonspawn (Depths:3)
  18 sea snakes
  A swamp dragon (shapeshifter) (Depths:4)
  39 deep trolls
  2 naga ritualists (Snake:3)
  4 flayed ghosts
  7 hill giants
  10 starcursed masses
  An anaconda skeleton (WizLab)
  18 ironbrand convokers
  A giant orange brain (Vaults:1)
  An obsidian statue (WizLab)
  A lindwurm (Volcano)
  A hill giant (shapeshifter) (Depths:3)
  16 deep elf archers
  4 phantasmal warriors
  6 wizards
  A shining eye (shapeshifter) (Depths:3)
  5 necromancers
  29 harpies
  8 fauns
  A harpy (shapeshifter) (Elf:3)
  8 wolf spiders
  2 wolf spiders (shapeshifter)
  6 orc sorcerers
  20 orc knights
  2 oklob plants
  21 griffons
  A hornet (Vaults:3)
  7 mana vipers
  41 ugly things
  83 deep elf magi
  8 cyclopes
  15 manticores
  27 salamanders
  5 worldbinders
  9 elephants
  4 sixfirhies
  15 naga magi
  A toenail golem (Abyss:3)
  23 moths of wrath
  2 apocalypse crabs (WizLab)
  2 octopodes (shapeshifter) (Vaults:5)
  19 vault sentinels
  2 ice statues (IceCv)
  2 rust devils
  33 black mambas
  A water nymph (shapeshifter) (Vaults:2)
  11 sirens
  10 spiny frogs
  A frost giant skeleton (Depths:2)
  5 water nymphs
  2 stone giant skeletons
  A molten gargoyle (Volcano)
  8 smoke demons
  15 guardian serpents
  4 gargoyles
  2 rime drakes (shapeshifter)
  A torpor snail (shapeshifter) (Vaults:3)
  A hellion (Abyss:2)
  A torpor snail (Lair:6)
  4 centaur skeletons
  7 large abominations
  7 rime drakes
  A kobold demonologist (Elf:1)
  4 orange demons
  41 yaktaurs
  12 freezing wraiths
  2 komodo dragons (shapeshifter)
  12 ice devils (IceCv)
  10 komodo dragons
  3 ancient zymes (Abyss:3)
  An efreet (WizLab)
  A hellwing (Abyss:3)
  A spark wasp simulacrum (Depths:4)
  2 red devils
  A jumping spider (shapeshifter) (Vaults:2)
  A polar bear (Lair:8)
  12 trolls
  42 merfolk
  2 tengu conjurers
  A jumping spider (Depths:1)
  17 snapping turtles
  2 wind drakes
  2 blink frogs (shapeshifter)
  37 two-headed ogres
  12 blink frogs
  27 slime creatures
  20 raiju
  A spriggan zombie (Depths:1)
  8 boulder beetles
  A ynoxinul (WizLab)
  6 air elementals
  8 wyverns
  A deep troll zombie (Depths:1)
  2 elf zombies
  17 redbacks
  15 water elementals
  A shadow (Vaults:2)
  A tarantella (Depths:5)
  A tarantella (shapeshifter) (Depths:1)
  2 vampires
  A fire dragon skeleton (Abyss:3)
  7 wraiths
  A yak (shapeshifter) (Vaults:1)
  49 yaks
  7 basilisks
  4 fire elementals (Volcano)
  5 fire bats
  4 hogs (D:14)
  21 hippogriffs
  4 neqoxecs
  A spriggan simulacrum (Depths:1)
  6 vampire mosquitoes (Vaults:1)
  6 wargs
  4 chaos spawn
  2 hungry ghosts
  3 mottled dragons
  13 insubstantial wisps
  49 nagas
  2 spatial vortices (WizLab)
  16 water moccasins
  14 porcupines
  3 soldier ants
  A water moccasin (shapeshifter) (Depths:5)
  A giant eyeball (Depths:4)
  A hell hound (shapeshifter) (Vaults:5)
  8 hell hounds
  11 small abominations
  A monstrous demonspawn skeleton (WizLab)
  A necrophage (D:9)
  60 orc warriors
  4 sky beasts
  13 ice beasts
  5 black bears
  3 wasps
  10 boggarts
  An ice beast (shapeshifter) (Depths:1)
  An eye of draining (shapeshifter) (Vaults:5)
  3 phantoms
  58 ogres
  10 wolves
  16 centaurs
  26 crocodiles
  2 big kobolds
  A big kobold (shapeshifter) (Depths:4)
  14 giant frogs
  7 earth elementals
  A gnoll sergeant (D:9)
  A wyvern skeleton (D:10)
  14 scorpions
  12 killer bees
  9 wights
  2 electric eels (Snake:1)
  2 giant frog zombies
  12 crimson imps
  7 howler monkeys
  4 centaur zombies
  10 jellies
  3 quasits
  4 giant frog skeletons
  4 hounds
  A gnoll shaman (D:5)
  20 orc priests
  18 orc wizards
  13 iguanas
  An iron imp (Abyss:3)
  8 worker ants
  A killer bee zombie (D:6)
  27 sheep
  A hound skeleton (D:8)
  3 mummies (D:14)
  A howler monkey zombie (D:9)
  17 adders
  8 gnolls
  26 river rats
  3 shadow imps
  7 white imps (IceCv)
  8 ufetubi
  19 oozes
  5 worms
  A dart slug (D:1)
  10 giant geckos
  122 orcs
  6 giant cockroaches
  5 goblins
  3 hobgoblins (D:1)
  5 jackals
  10 kobolds
  8 quokkas
  A ball python (D:5)
  11 bats
  8 giant newts
  A quokka skeleton (D:4)
  10 rats
  A bush (Lair:3)
  2 crawling corpses (Elf:3)
  2 fire vortices (Volcano)
  A fungus (Lair:4)
  A plant (Shoals:2)
  6 starspawn tentacles
  A starspawn tentacle segment (Abyss:4)
  9 tentacles (Shoals:4)
2724 creatures vanquished.

Vanquished Creatures (collateral kills)
  A rakshasa (Abyss:3)
  A death knight (D:12)
  A skeletal warrior (D:12)
  A phantasmal warrior (D:12)
  An ugly thing (D:12)
  A shadow dragon skeleton (Abyss:3)
  A demonic crawler (Abyss:3)
  A large abomination (Abyss:3)
  2 raiju (Abyss:3)
  A ynoxinul (Abyss:3)
  A hungry ghost (D:7)
  A chaos spawn (Abyss:3)
  3 orc warriors (Orc:1)
16 creatures vanquished.

Vanquished Creatures (others)
  A shadow dragon (Depths:5)
  A fire giant (Depths:5)
  2 stone giants
  3 ironheart preservers
  2 centaur warriors
  A merfolk aquamancer (Shoals:4)
  2 satyrs (Shoals:3)
  2 naga sharpshooters
  2 deep elf knights
  5 deep elf archers
  2 deep elf magi
  An orc knight (Orc:2)
  A cyclops (Orc:2)
  8 yaktaurs
  A merfolk (Shoals:3)
  2 two-headed ogres
  A fire bat (Abyss:3)
  A fire elemental (Elf:1)
  2 humans (D:14)
  An insubstantial wisp (Abyss:3)
  A naga (Snake:2)
  An orc warrior (Depths:4)
  An ogre (Depths:4)
  3 centaurs
  A giant frog (D:15)
  A small abomination (Abyss:2)
  A wyvern skeleton (D:14)
  An orc wizard (Depths:4)
  A sheep (D:14)
  A white imp (IceCv)
  3 ufetubi (IceCv)
  4 orcs
  2926 eldritch tentacle segments (WizLab)
  2 fire vortices (Volcano)
  14 fungi
  3 lurking horrors
  10 plants
  14 starspawn tentacles
  258 starspawn tentacle segments
  24 tentacles
  1622 tentacle segments
4933 creatures vanquished.

Grand Total: 7673 creatures vanquished

Notes
Turn   | Place    | Note
--------------------------------------------------------------
     0 | D:1      | theElss the Gargoyle Berserker began the quest for the Orb.
     0 | D:1      | Reached XP level 1. HP: 14/14 MP: 1/1
   162 | D:1      | Reached XP level 2. HP: 13/19 MP: 2/2
   788 | D:2      | Reached XP level 3. HP: 24/24 MP: 3/3
   806 | D:2      | Reached ** piety under Trog
   958 | D:2      | Reached skill level 4 in Fighting
   999 | D:2      | Found a faded altar to an unknown god.
  1059 | D:2      | Found a glowing golden altar of the Shining One.
  1336 | D:2      | Reached XP level 4. HP: 24/29 MP: 4/4
  1523 | D:2      | Found a deep blue altar of Sif Muna.
  2029 | D:3      | Reached XP level 5. HP: 33/33 MP: 5/5
  2052 | D:3      | Reached *** piety under Trog
  2107 | D:3      | Found a snail-covered altar of Cheibriados.
  2454 | D:3      | Found a shadowy altar of Dithmenos.
  2725 | D:4      | Reached XP level 6. HP: 38/38 MP: 6/6
  3157 | D:4      | Found a basalt altar of Yredelemnul.
  3485 | D:4      | Found Umehuqavugh's Food Shoppe.
  3568 | D:4      | Found a glowing silver altar of Zin.
  3569 | D:4      | Found an opulent altar of Gozag.
  3757 | D:4      | Reached XP level 7. HP: 44/44 MP: 7/7
  3916 | D:4      | Reached **** piety under Trog
  3916 | D:4      | Reached skill level 5 in Fighting
  3921 | D:4      | Reached skill level 5 in Armour
  4494 | D:4      | Found a shimmering altar of Xom.
  4620 | D:4      | Reached skill level 5 in Maces & Flails
  4697 | D:5      | Entered Level 5 of the Dungeon
  4718 | D:5      | Found a staircase to the Ecumenical Temple.
  4783 | D:5      | Reached XP level 8. HP: 20/49 MP: 8/8
  5076 | D:5      | Found an iron altar of Okawaru.
  5686 | D:5      | Reached skill level 1 in Shields
  5917 | D:6      | Found a shattered altar of Ashenzari.
  5974 | D:6      | Found a stormy altar of Qazlal.
  5975 | D:6      | Found a blossoming altar of Fedhas.
  6146 | D:6      | Reached ***** piety under Trog
  6192 | D:6      | Reached XP level 9. HP: 45/55 MP: 9/9
  6203 | D:6      | Reached skill level 6 in Fighting
  6261 | D:6      | Noticed an oklob plant
  7014 | D:7      | Reached skill level 5 in Shields
  7155 | D:7      | Found a sacrificial altar of Ru.
  7415 | D:7      | Found Kouphoh's Jewellery Boutique.
  7573 | D:8      | Found Qotoefuys's Armour Shoppe.
  7581 | D:8      | Bought a +0 helmet for 58 gold pieces
  7588 | D:8      | Found Teluajut's Food Shop.
  7797 | D:8      | Noticed a two-headed ogre
  7814 | D:8      | Killed a two-headed ogre
  7897 | D:8      | Found Maneun's Food Shoppe.
  8109 | D:8      | Found Zujoshu's Antique Armour Boutique.
  8114 | D:8      | Bought a pair of distressingly furry gloves for 190 gold pieces
  8124 | D:8      | Identified the +4 pair of gloves of the Present {Dex+4 Stlth+} (You bought it in a shop on level 8 of the Dungeon)
  8233 | D:8      | Reached XP level 10. HP: 55/61 MP: 10/10
  8303 | D:9      | Found a bloodstained altar of Trog.
  8848 | D:9      | Received a gift from Trog
  9113 | D:9      | Reached skill level 5 in Dodging
  9214 | D:9      | Reached skill level 7 in Fighting
  9359 | D:9      | Found a staircase to the Orcish Mines.
  9378 | D:10     | Entered Level 10 of the Dungeon
  9428 | D:10     | Noticed a hill giant
  9443 | D:10     | Killed a hill giant
  9585 | D:10     | Noticed a hill giant
  9597 | D:10     | Killed a hill giant
  9807 | D:10     | Reached skill level 10 in Shields
  9820 | D:10     | Reached XP level 11. HP: 67/67 MP: 11/11
 10480 | D:11     | Noticed a four-headed hydra
 10494 | D:11     | Killed a four-headed hydra
 10686 | D:11     | Noticed a cyan ugly thing
 10706 | D:11     | Killed a cyan ugly thing
 10706 | D:11     | Reached skill level 8 in Fighting
 10708 | D:11     | Found a snail-covered altar of Cheibriados.
 11127 | D:11     | Found a radiant altar of Vehumet.
 11128 | D:11     | Noticed a tengu warrior
 11151 | D:11     | Killed a tengu warrior
 11476 | D:11     | Received a gift from Trog
 11699 | D:12     | Noticed a death knight
 11700 | D:12     | Noticed a phantasmal warrior
 11720 | D:12     | Noticed a skeletal warrior
 11732 | D:12     | Noticed a brown ugly thing
 11746 | D:12     | Killed a brown ugly thing
 11747 | D:12     | Killed a death knight
 11748 | D:12     | Killed a skeletal warrior
 11751 | D:12     | Killed a phantasmal warrior
 12436 | D:12     | Noticed Frances
 12455 | D:12     | Killed Frances
 12455 | D:12     | Reached XP level 12. HP: 45/75 MP: 4/12
 13920 | D:12     | Reached skill level 9 in Fighting
 14071 | D:13     | Reached skill level 10 in Maces & Flails
 14126 | D:13     | Noticed Josephine
 14145 | D:13     | Killed Josephine
 14430 | D:13     | Noticed a centaur warrior
 14452 | D:13     | Killed a centaur warrior
 14992 | D:13     | Got a warped helmet
 15003 | D:13     | Identified the +0 helmet of Pakellas's Regard {+Fly rC+ MP-9 Str+3 Dex-2 Stlth+} (You found it on level 13 of the Dungeon)
 15986 | Temple   | Entered the Ecumenical Temple
 16350 | Orc:1    | Entered Level 1 of the Orcish Mines
 16507 | Orc:1    | Reached XP level 13. HP: 64/80 MP: 1/13
 16868 | Orc:1    | Paralysed by an orc sorcerer for 2 turns
 17867 | Orc:2    | Entered Level 2 of the Orcish Mines
 18189 | Orc:2    | Received a gift from Trog
 18265 | Orc:2    | Found Fulus's Jewellery Shop.
 18288 | Orc:2    | Bought an uncursed ring of see invisible for 270 gold pieces
 18724 | Orc:2    | Noticed an orc warlord
 19030 | Orc:2    | Killed an orc warlord
 19175 | Orc:2    | Found Soehyco's Antique Weapon Boutique.
 19193 | Orc:2    | Reached skill level 15 in Shields
 19212 | Orc:2    | Noticed Rupert
 19212 | Orc:2    | Paralysed by Rupert for 4 turns
 19755 | Orc:2    | Found Quoffien's General Store.
 19763 | Orc:2    | Paralysed by Rupert for 4 turns
 19811 | Orc:1    | Killed Rupert
 19811 | Orc:1    | Reached skill level 10 in Fighting
 19950 | Orc:2    | Found Subuishu's Quality Used Wands.
 20282 | Orc:2    | Noticed a stone giant
 20294 | Orc:2    | Killed a stone giant
 20294 | Orc:2    | Reached skill level 10 in Armour
 20393 | Orc:2    | Found Ovvaxit's Antique Armour Shop.
 20491 | Orc:2    | Bought a pair of glowing boots for 166 gold pieces
 20543 | Orc:2    | Found a staircase to the Elven Halls.
 20635 | Orc:2    | Bought a jewelled mace for 176 gold pieces
 20640 | Orc:2    | Identified the +10 mace of Onlopse {venom, MR+ Str+6 Dex+4} (You bought it in a shop on level 2 of the Orcish Mines)
 21057 | D:14     | Noticed Kirke
 21155 | D:14     | Killed Kirke
 21155 | D:14     | Gained mutation: Your large and strong wings let you fly indefinitely. [Gargoyle growth]
 21155 | D:14     | Reached XP level 14. HP: 88/88 MP: 5/14
 21479 | D:14     | Found a gate to the Vaults.
 21615 | D:14     | Noticed Sonja
 21621 | D:14     | Cast into level 1 of the Abyss (Sonja)
 21632 | Abyss:1  | Got a pair of heavily runed gloves
 21641 | D:14     | Escaped the Abyss
 21654 | D:14     | Identified the +1 pair of gloves of Coronation {MR+} (You found it on level 1 of the Abyss)
 21683 | D:14     | Killed Sonja
 21683 | D:14     | Reached skill level 11 in Fighting
 21893 | D:15     | Entered Level 15 of the Dungeon
 22040 | D:15     | Received a gift from Trog
 22565 | D:15     | Found Afrechim's Armour Emporium.
 22804 | D:15     | Found a staircase to the Depths.
 23212 | D:9      | Found a staircase to the Lair.
 23340 | Lair:1   | Entered Level 1 of the Lair of Beasts
 23967 | Lair:1   | Found a dark tunnel.
 23989 | Volcano  | Entered a volcano
 24667 | Lair:1   | Received a gift from Trog
 24851 | Lair:2   | Reached skill level 12 in Fighting
 25737 | Lair:3   | Found a labyrinth entrance.
 25824 | Lair:3   | Noticed Gastronok
 25838 | Lair:3   | Killed Gastronok
 25838 | Lair:3   | Reached XP level 15. HP: 60/96 MP: 6/15
 27599 | Lair:5   | Received a gift from Trog
 27662 | Lair:5   | Reached ****** piety under Trog
 28018 | Lair:6   | Found a staircase to the Shoals.
 28341 | Lair:6   | Found a staircase to the Snake Pit.
 28911 | Lair:6   | Reached skill level 13 in Fighting
 29374 | Lair:7   | Found a staircase to the Slime Pits.
 29376 | Lair:7   | Found a viscous altar of Jiyva.
 29706 | Lair:7   | Received a gift from Trog
 29904 | Lair:7   | Got a twisted spear
 30089 | Lair:7   | Reached XP level 16. HP: 100/104 MP: 7/16
 30140 | Lair:8   | Entered Level 8 of the Lair of Beasts
 30169 | Lair:7   | Reached skill level 15 in Maces & Flails
 30394 | Lair:8   | Got a fine scale mail
 30564 | Lair:8   | Received a gift from Trog
 30568 | Lair:8   | Got a shimmering demon whip {god gift}
 30569 | Lair:8   | Identified the +13 demon whip of Harmony {elec, rPois rC+ Stlth+} (Trog gifted it to you on level 8 of the Lair of Beasts)
 31248 | Shoals:1 | Entered Level 1 of the Shoals
 31315 | Shoals:1 | Reached skill level 14 in Fighting
 31642 | Shoals:1 | Found a runed door.
 31707 | Shoals:1 | Noticed varam's ghost (adept SpEn)
 31730 | Shoals:1 | Killed varam's ghost
 31890 | Shoals:1 | Noticed jombi's ghost (adept SpEn)
 31912 | Shoals:1 | Killed jombi's ghost
 32284 | Shoals:1 | Got a translucent leather armour
 32406 | Shoals:2 | Received a gift from Trog
 32414 | Shoals:2 | Reached skill level 15 in Fighting
 32416 | Shoals:2 | Got a smoking eveningstar {god gift}
 32417 | Shoals:2 | Identified the +4 eveningstar of Zomokkan {crush, +Blink +Inv Int-5 Stlth+} (Trog gifted it to you on level 2 of the Shoals)
 32593 | Shoals:2 | Reached skill level 10 in Dodging
 32859 | Shoals:2 | Reached XP level 17. HP: 83/113 MP: 8/17
 32920 | Shoals:2 | Found a frozen archway.
 32973 | IceCv    | Entered an ice cave
 32973 | IceCv    | Noticed feelmyfire's ghost (journeyman MiFi)
 32979 | IceCv    | Killed feelmyfire's ghost
 33272 | IceCv    | Noticed nikopol's ghost (adept MiBe)
 33295 | IceCv    | Killed nikopol's ghost
 33361 | IceCv    | Noticed an Ice Fiend
 33374 | IceCv    | Killed an Ice Fiend
 33426 | IceCv    | Got a bloodstained eveningstar
 33687 | Shoals:2 | Identified the +8 eveningstar of Egomania {venom, rN++ Str-4} (You found it in an ice cave)
 33755 | Shoals:2 | Received a gift from Trog
 33764 | Shoals:2 | Reached skill level 16 in Fighting
 34078 | Shoals:3 | Noticed Aizul
 34078 | Shoals:3 | Noticed Polyphemus
 34109 | Shoals:3 | Noticed Mara
 34336 | Shoals:2 | Killed Aizul
 34448 | Shoals:3 | Killed Polyphemus
 34451 | Shoals:3 | Noticed theElss's illusion
 34676 | Shoals:3 | Killed Mara
 34756 | Shoals:3 | Found Siyrhuk's Assorted Antiques.
 34838 | Shoals:3 | Noticed a kraken
 34856 | Shoals:3 | Killed a kraken
 35024 | Shoals:3 | Reached skill level 17 in Fighting
 35750 | Shoals:3 | Received a gift from Trog
 35779 | Shoals:3 | Noticed a kraken
 35794 | Shoals:3 | Killed a kraken
 35945 | Shoals:4 | Entered Level 4 of the Shoals
 35955 | Shoals:4 | Reached XP level 18. HP: 124/124 MP: 9/18
 36252 | Shoals:4 | Received a gift from Trog
 36468 | Shoals:4 | Got a barnacled rune of Zot
 36701 | Shoals:4 | Noticed Ilsuiw
 36733 | Shoals:4 | Received a gift from Trog
 37071 | Shoals:4 | Killed Ilsuiw
 37121 | Shoals:4 | Reached skill level 18 in Fighting
 37392 | Shoals:4 | Reached skill level 15 in Armour
 38011 | Shoals:2 | Received a gift from Trog
 38103 | Snake:1  | Entered Level 1 of the Snake Pit
 38271 | Snake:1  | You are sucked into a shaft!
 38519 | Snake:1  | Noticed Asterion
 38525 | Snake:1  | Killed Asterion
 38628 | Snake:1  | Reached XP level 19. HP: 131/132 MP: 10/19
 39158 | Snake:2  | Received a gift from Trog
 39470 | Snake:2  | Reached skill level 19 in Fighting
 40633 | Snake:4  | Entered Level 4 of the Snake Pit
 41027 | Snake:4  | Received a gift from Trog
 41308 | Snake:4  | Reached skill level 20 in Fighting
 41514 | Snake:3  | Reached XP level 20. HP: 128/140 MP: 11/20
 41700 | Snake:4  | Got a serpentine rune of Zot
 41803 | Snake:4  | Received a gift from Trog
 42055 | Snake:4  | Found Sorauss's General Store.
 42103 | Snake:4  | Got a translucent scale mail
 42931 | Vaults:1 | Entered Level 1 of the Vaults
 43702 | Vaults:1 | Received a gift from Trog
 43822 | Vaults:1 | Reached skill level 21 in Fighting
 44020 | Vaults:1 | Found a roughly hewn altar of Beogh.
 45104 | Elf:1    | Entered Level 1 of the Elven Halls
 45143 | Elf:1    | Received a gift from Trog
 45623 | Elf:1    | Noticed Agnes
 45640 | Elf:1    | Killed Agnes
 45865 | Elf:1    | Reached XP level 21. HP: 119/150 MP: 12/21
 46298 | Elf:2    | Found a magical portal.
 46367 | WizLab   | Entered The Roulette of Golubria
 46373 | WizLab   | Found a corrupted altar of Lugonu.
 46504 | WizLab   | Identified the Collected Works on the Voyage (You found it in a wizard's laboratory)
 46933 | WizLab   | Found a corrupted altar of Lugonu.
 47004 | WizLab   | Received a gift from Trog
 47008 | WizLab   | Reached skill level 22 in Fighting
 47219 | WizLab   | Got a scorched cloak
 47262 | WizLab   | Identified the cursed +0 cloak of Bimaud {MP+9} (You found it in a wizard's laboratory)
 47535 | Elf:2    | Found Huif's Food Emporium.
 47854 | Elf:2    | Found a huge runed gate.
 47854 | Elf:2    | Found a huge runed gate.
 47854 | Elf:2    | Found a huge runed gate.
 47854 | Elf:2    | Found a huge runed gate.
 47856 | Elf:2    | Found a huge runed gate.
 47919 | Elf:2    | Received a gift from Trog
 48793 | Elf:3    | Entered Level 3 of the Elven Halls
 48989 | Elf:3    | Noticed Louise
 49018 | Elf:3    | Killed Louise
 49023 | Elf:3    | Received a gift from Trog
 49695 | Elf:3    | Reached skill level 23 in Fighting
 50055 | Elf:3    | Received a gift from Trog
 50063 | Elf:3    | Reached XP level 22. HP: 160/160 MP: 13/22
 50597 | Elf:3    | Identified the Tome of Noxious Boosts
 50602 | Elf:3    | Identified Olosubuc's Intricacies of Wizardry
 50627 | Elf:3    | Got a brightly glowing lead ring
 50637 | Elf:3    | Got a slimy golden ring
 51140 | Lair:2   | Identified the ring "Ypeydwona" {Int+2 SInv} (You took it off a deep elf death mage on level 3 of the Elven Halls)
 51144 | Lair:2   | Identified the cursed ring "Muofacy" {*Corrode rElec rC++ EV-3 SInv} (You took it off a deep elf blademaster on level 3 of the Elven Halls)
 51715 | Vaults:2 | Noticed Jorgrun
 51740 | Vaults:2 | Killed Jorgrun
 51751 | Vaults:2 | Received a gift from Trog
 51780 | Vaults:2 | Reached skill level 15 in Dodging
 52081 | Vaults:2 | Cast into level 2 of the Abyss (a deep elf sorcerer)
 52455 | Vaults:2 | Escaped the Abyss
 52834 | Vaults:2 | Reached skill level 24 in Fighting
 52842 | Vaults:2 | Received a gift from Trog
 53448 | Vaults:2 | Found a staircase to the Crypt.
 54414 | Orc:2    | Bought a glowing gold dragon armour for 2960 gold pieces
 55068 | Vaults:3 | Reached XP level 23. HP: 151/168 MP: 14/23
 55245 | Vaults:3 | Received a gift from Trog
 55734 | Vaults:3 | Reached skill level 25 in Fighting
 55959 | Vaults:4 | Found Isakedug's Jewellery Boutique.
 55974 | Vaults:4 | Reached skill level 1 in Evocations
 56407 | Vaults:3 | Reached skill level 5 in Evocations
 56508 | Vaults:4 | Received a gift from Trog
 57073 | Vaults:4 | Received a gift from Trog
 57616 | Vaults:4 | Reached skill level 10 in Evocations
 57810 | Vaults:4 | Reached XP level 24. HP: 176/176 MP: 21/30
 58663 | Lair:1   | Received a gift from Trog
 58956 | Depths:1 | Entered Level 1 of the Depths
 59007 | Depths:1 | Found a one-way gate to the infinite horrors of the Abyss.
 59323 | Depths:1 | Got a scintillating jade ring
 59325 | Depths:1 | Identified the ring "Ophoafuy" {Wiz rN+ Int+4 Dex-2} (You found it on level 1 of the Depths)
 59386 | Depths:1 | Found a gateway to Hell.
 59535 | Depths:1 | Received a gift from Trog
 59633 | Depths:1 | Found a one-way gate leading to the halls of Pandemonium.
 60174 | Depths:2 | Found a portal to a secret trove of treasure.
 60447 | Depths:2 | Received a gift from Trog
 61167 | Depths:3 | Gained mutation: Scrolls take you a little longer to read. [a shining eye]
 61170 | Depths:3 | Gained mutation: You expend magic power (3 MP) to strengthen your wands. [a shining eye]
 61216 | Depths:3 | Noticed Mennas
 61244 | Depths:3 | Killed Mennas
 61542 | Depths:3 | Reached skill level 15 in Evocations
 61572 | Depths:3 | Noticed Boris
 61601 | Depths:3 | Killed Boris
 61601 | Depths:3 | Reached XP level 25. HP: 181/181 MP: 25/34
 62110 | Depths:3 | Noticed Xtahua
 62122 | Depths:3 | Killed Xtahua
 62244 | Depths:3 | Received a gift from Trog
 62329 | Depths:4 | Found a gateway to a ziggurat.
 63426 | Depths:4 | Identified a scroll of acquirement
 63478 | Depths:4 | Noticed Saint Roka
 63503 | Depths:5 | Entered Level 5 of the Depths
 63549 | Depths:4 | Killed Saint Roka
 63864 | Depths:4 | Found a glowing silver altar of Zin.
 64407 | Depths:4 | Received a gift from Trog
 64427 | Depths:4 | Noticed a juggernaut
 64445 | Depths:4 | Killed a juggernaut
 64585 | Depths:4 | Got a glittering jade ring
 64587 | Depths:4 | Identified the cursed ring "Qiediss" {MR+ Str-3 Dex+3} (You found it on level 4 of the Depths)
 64677 | Depths:5 | Found a gate to the Realm of Zot.
 65429 | Depths:5 | Noticed a juggernaut
 65445 | Depths:5 | Killed a juggernaut
 65682 | Depths:5 | Reached XP level 26. HP: 138/188 MP: 27/36
 66249 | Depths:5 | Received a gift from Trog
 66411 | Depths:5 | Got a brightly glowing marble ring
 66651 | Depths:5 | Identified the ring of Joanolosch {Fire rPois rN+++ Str-5 Int-5} (You found it on level 5 of the Depths)
 67104 | Vaults:5 | Entered Level 5 of the Vaults
 67619 | Vaults:4 | Received a gift from Trog
 68561 | Vaults:5 | Noticed an ancient lich
 68869 | Vaults:5 | Cast into level 4 of the Abyss (tengu reaver)
 68948 | Abyss:4  | Noticed an ancient lich
 68965 | Abyss:4  | Killed an ancient lich
 69128 | Vaults:5 | Escaped the Abyss
 69238 | Vaults:5 | Got a warped mace {venom}
 69240 | Vaults:5 | Identified the +10 mace of the Skies Above {venom, rF++ rC++ Dex-2} (You took it off a vault warden on level 5 of the Vaults)
 69307 | Vaults:5 | Noticed Frederick
 69335 | Vaults:5 | Killed Frederick
 69385 | Vaults:5 | Reached XP level 27. HP: 138/193 MP: 27/36
 69445 | Vaults:5 | Paralysed by a sphinx for 4 turns
 69475 | Vaults:5 | Killed an ancient lich
 69480 | Vaults:5 | Received a gift from Trog
 69497 | Vaults:5 | Cast into level 3 of the Abyss (tengu reaver)
 70381 | Abyss:3  | Gained mutation: Your magical capacity is low (-10% MP). [a neqoxec]
 70385 | Abyss:3  | Gained mutation: You are occasionally teleported next to monsters. [a neqoxec]
 70386 | Abyss:3  | Gained mutation: You are frail (-10% HP). [a neqoxec]
 70391 | Abyss:3  | Gained mutation: Your body sometimes deteriorates upon taking damage. [a neqoxec]
 70394 | Abyss:3  | Received a gift from Trog
 70425 | Vaults:5 | Escaped the Abyss
 72435 | Vaults:5 | Identified the Papyrus of the Eight Deaths
 72437 | Vaults:5 | Got a smoking copper amulet
 72497 | Vaults:5 | Got a silver rune of Zot
 72534 | Vaults:5 | Got a flickering glass ring
 72729 | Vaults:5 | Identified the amulet of Beasutikla {Inacc Dex+5} (You found it on level 5 of the Vaults)
 72733 | Vaults:5 | Identified the ring of Honit {rElec Dex+5} (You took it off an orc knight on level 5 of the Vaults)
 73956 | Zot:1    | Entered Level 1 of the Realm of Zot
 74086 | Zot:1    | Received a gift from Trog
 74334 | Zot:1    | Reached skill level 26 in Fighting
 74902 | Zot:2    | Noticed an orb of fire
 74902 | Zot:2    | Gained mutation: Your magical capacity is very low (-20% MP). [an orb of fire]
 74919 | Zot:2    | Killed an orb of fire
 75867 | Zot:3    | Received a gift from Trog
 77489 | Zot:4    | Received a gift from Trog
 78582 | Lair:2   | Lost mutation: You expend magic power (3 MP) to strengthen your wands. [potion of cure mutation]
 78582 | Lair:2   | Lost mutation: You are frail (-10% HP). [potion of cure mutation]
 78582 | Lair:2   | Lost mutation: Scrolls take you a little longer to read. [potion of cure mutation]
 78582 | Lair:2   | Lost mutation: Your magical capacity is very low (-20% MP). [potion of cure mutation]
 78582 | Lair:2   | Lost mutation: Your body sometimes deteriorates upon taking damage. [potion of cure mutation]
 78583 | Lair:2   | Lost mutation: Your magical capacity is low (-10% MP). [potion of cure mutation]
 78583 | Lair:2   | Lost mutation: You are occasionally teleported next to monsters. [potion of cure mutation]
 79088 | Zot:5    | Entered Level 5 of the Realm of Zot
 81401 | Zot:5    | Received a gift from Trog
 81798 | Zot:5    | Noticed an orb of fire
 81809 | Zot:5    | Noticed an orb of fire
 81809 | Zot:5    | Gained mutation: Your magical capacity is low (-10% MP). [an orb of fire]
 81811 | Zot:5    | Killed an orb of fire
 81827 | Zot:5    | Killed an orb of fire
 82196 | Zot:5    | Noticed an orb of fire
 82196 | Zot:5    | Gained mutation: You expend magic power (3 MP) to strengthen your wands. [an orb of fire]
 82204 | Zot:5    | Killed an orb of fire
 82211 | Zot:5    | Reached skill level 27 in Fighting
 82416 | Zot:5    | Noticed an orb of fire
 82424 | Zot:5    | Gained mutation: Your magical capacity is very low (-20% MP). [an orb of fire]
 82427 | Zot:5    | Gained mutation: You are weak. (Str -2) [an orb of fire]
 82429 | Zot:5    | Noticed an orb of fire
 82437 | Zot:5    | HP: 14/298 [orb of fire/bolt of fire (6)]
 82438 | Zot:5    | Killed from afar by an orb of fire

Skill      XL: |  1  2  3  4  5  6  7  8  9 10 11 12 13 14 15 16 17 18 19 20 21 22 23 24 25 26 27 |
---------------+----------------------------------------------------------------------------------+-----
Fighting       | 4 5 6 7 8 9 10 12 13 15 17 18 20 21 23 24 25 27 | 27.0
Dodging        | 2 3 4 5 6 7 8 10 11 12 13 14 15 | 15.3
Maces & Flails | 4 5 6 7 8 9 10 11 13 14 15 16 20 | 20.0
Armour         | 3 4 5 6 7 8 9 10 11 12 14 15 16 17 18 19 20 | 20.5
Shields        | 3 7 10 12 13 15 17 22 | 22.1
Evocations     | 10 15 18 19 | 19.0
Stealth        | |  0.8

Action                   |  1- 3 |  4- 6 |  7- 9 | 10-12 | 13-15 | 16-18 | 19-21 | 22-24 | 25-27 || total
-------------------------+-------+-------+-------+-------+-------+-------+-------+-------+-------++-------
Melee: Mace              |   136 |   294 |   695 |   745 |  1240 |   146 |       |       |    30 ||  3286
       Flail             |       |       |       |   508 |   548 |       |       |       |       ||  1056
       Demon whip        |       |       |       |       |       |  1390 |  1705 |  1980 |  3186 ||  8261
Invok: Berserk           |     1 |     4 |    10 |    14 |    15 |     3 |     4 |     3 |    15 ||    69
       Brothers in Arms  |       |       |     1 |     1 |     4 |       |       |       |     4 ||    10
       Trog's Hand       |       |       |       |     1 |     3 |     1 |     1 |     1 |     6 ||    13
 Abil: Evoke Flight      |       |       |       |     1 |       |       |       |       |       ||     1
       Fly               |       |       |       |       |     1 |       |       |       |       ||     1
Evoke: Lamp of fire      |       |       |       |       |       |       |       |       |     1 ||     1
  Use: Scroll            |       |       |    11 |     4 |     7 |     4 |     7 |     9 |     7 ||    49
       Potion            |       |       |       |       |     1 |     1 |       |       |     6 ||     8
 Stab: Sleeping          |     1 |       |       |       |       |     1 |     1 |       |       ||     3
       Distracted        |       |       |       |       |       |     1 |       |       |       ||     1
       Held in net/web   |       |       |       |       |       |     1 |       |       |       ||     1
  Eat: Chunk             |     3 |    11 |    21 |    33 |    63 |    29 |    39 |    40 |    65 ||   304
       Meat ration       |       |       |     2 |       |       |       |       |       |       ||     2
       Pizza             |       |       |     1 |     2 |       |       |     2 |       |     4 ||     9
       Beef jerky        |       |       |     1 |     1 |     1 |       |       |       |       ||     3
       Royal jelly       |       |       |     1 |     1 |       |     1 |       |       |     2 ||     5
       Fruit             |       |       |       |     3 |       |       |       |       |     2 ||     5
       Bread ration      |       |       |       |       |       |       |       |       |     2 ||     2
Armor: Animal skin       |    17 |       |       |       |       |       |       |       |       ||    17
       Leather armour    |     9 |       |       |       |       |       |       |       |       ||     9
       Ring mail         |    13 |   121 |       |       |       |       |       |       |       ||   134
       Chain mail        |       |   107 |   406 |   523 |   502 |   583 |   479 |   101 |       ||  2701
       Gold dragon armou |       |       |       |       |       |       |       |   482 |  1508 ||  1990
Dodge: Dodged            |    89 |   204 |   235 |   309 |   463 |   470 |   415 |   462 |  1020 ||  3667
Block: Shield            |       |       |   226 |   769 |  1424 |  1310 |  1284 |  1210 |  2477 ||  8700
       Reflection        |       |       |       |     6 |    51 |    85 |   189 |    96 |    71 ||   498
       Large shield      |       |       |       |       |       |       |       |       |   266 ||   266
